 Dungeon Crawl Stone Soup version 0.32-a0-975-g85d4e5bfdb (webtiles) character file.

Game seed: 14110855338505875494

20251 funkygono the Arsonist (level 12, -4/62 HPs)
             Began as a Gargoyle Fire Elementalist on Apr 19, 2024.
             Was a High Priest of Vehumet.
             Slain by a death yak (6 damage)
             ... on level 2 of the Lair of Beasts.
             The game lasted 00:33:34 (14362 turns).

funkygono the Arsonist (GrFE)                      Turns: 14362, Time: 00:33:34

Health: -4/62      AC: 20    Str: 16    XL:     12   Next: 77%
Magic:  26/37      EV: 16    Int: 21    God:    Vehumet [*****.]
Gold:   880        SH:  5    Dex: 10    Spells: 21/35 levels left

rFire   + . .        v - +5 flail (vamp)
rCold   . . .        (no shield)
rNeg    + . .        B - +2 leather armour {rF+}
rPois   ∞            n - +1 helmet
rElec   +            D - +1 cloak
rCorr   .            q - +0 pair of gloves
SInv    .            y - +0 pair of boots of the Filigreed God {Fly Regen+ Str+4}
Will    .....        z - amulet of reflection
Stlth   ++           a - ring of magical power
HPRegen 1.10/turn    g - +5 ring of evasion
MPRegen 0.25/turn

%: reflection
@: flying
A: sickness immunity, AC +8, negative energy resistance 1, electricity
resistance, torment resistance 1, petrification resistance
a: Renounce Religion


You were on level 2 of the Lair of Beasts.
You worshipped Vehumet.
Vehumet was extremely pleased with you.
You visited 3 branches of the dungeon, and saw 13 of its levels.
You also visited: Ossuary and Bailey.

You collected 1844 gold pieces.
You spent 964 gold pieces at shops.

Inventory:

Hand Weapons
 v - a +5 vampiric flail (weapon)
Missiles
 F - a throwing net
Armour
 n - a +1 helmet (worn)
 q - a +0 pair of gloves (worn)
 u - a +2 robe of fire resistance
 y - the +0 pair of boots of the Filigreed God (worn) {Fly Regen+ Str+4}
   (You found it on level 9 of the Dungeon)

   Str+4:     It affects your strength (+4).
   Fly:       It grants you flight.
   Regen+:    It increases your rate of health regeneration.
 B - a +2 leather armour of fire resistance (worn)
 D - a +1 cloak (worn)
 G - a +2 buckler
Magical Staves
 i - a staff of fire
Jewellery
 a - a ring of magical power (left hand)
 c - a ring of positive energy
 g - a +5 ring of evasion (right hand)
 k - a ring of see invisible
 l - a ring of protection from fire
 z - an amulet of reflection (around neck)
Wands
 e - a wand of roots (26)
 w - a wand of mindburst (19)
 A - a wand of flame (20)
Scrolls
 d - 6 scrolls of identify
 o - a scroll of amnesia
 p - 4 scrolls of teleportation
 x - a scroll of fog
 C - a scroll of blinking
Potions
 b - 2 potions of magic
 f - 2 potions of cancellation
 h - 6 potions of curing
 j - 2 potions of invisibility
 m - a potion of haste
 r - 2 potions of attraction
 s - 2 potions of heal wounds
 t - a potion of berserk rage


   Skills:
 + Level 2.0 Fighting
 + Level 2.0 Maces & Flails
 + Level 3.3 Armour
 + Level 3.9 Dodging
 - Level 3.5 Stealth
 + Level 1.6 Shields
 + Level 0.1 Unarmed Combat
 + Level 12.3 Spellcasting
 + Level 8.1 Conjurations
 + Level 12.8 Fire Magic
 + Level 1.7 Alchemy


You had 21 spell levels left.
You knew the following spells:

 Your Spells              Type           Power      Damage    Failure   Level
a - Foxfire               Conj/Fire      100%       2x1d9     1%          1
b - Scorch                Fire           100%       2d9       1%          2
c - Flame Wave            Conj/Fire      54%        2d13      1%          4
d - Sting                 Conj/Alch      100%       1d9       1%          1
e - Searing Ray           Conj           92%        2d7       1%          2
f - Ignite Poison         Fire/Alch      43%        N/A       1%          4

Your spell library contained the following spells:

 Spells                   Type           Power      Damage    Failure   Level
 Eringya's Noxious Bog    Alch           10%        4d6       71%         6
 Shock                    Conj/Air       100%       1d9       1%          1
 Momentum Strike          Conj/Tloc      58%        3d9       1%          2
 Inner Flame              Hex/Fire       39%        N/A       1%          3
 Volatile Blastmotes      Fire/Tloc      78%        2d16      1%          3
 Summon Blazeheart Golem  Fire/Summ      39%        N/A       4%          4
 Summon Small Mammal      Summ           48%        N/A       6%          1
 Blink                    Tloc           24%        N/A       10%         2
 Lesser Beckoning         Tloc           24%        N/A       10%         2
 Airstrike                Air            6%         2d(1-17)  16%         4
 Call Canine Familiar     Summ           12%        N/A       19%         3
 Swiftness                Air            12%        N/A       19%         3
 Ignition                 Fire           30%        3d10      45%         8
 Fire Storm               Conj/Fire      27%        8d7       100%        9


Dungeon Overview and Level Annotations

Branches:
Dungeon (9/15)             Temple (1/1) D:7            Lair (3/5) D:9
 Shoals (0/4) Lair:2       Spider (0/4) Lair:2          Orc (0/2) D:9
Ossuary (visited)          Bailey (visited)

Altars:
Ashenzari
Cheibriados
Dithmenos
Elyvilon
Fedhas
Gozag
Hepliaklqana
Kikubaaqudgha
Makhleb
Nemelex Xobeh
Okawaru
Ru
Sif Muna
Trog
Uskayaw
Vehumet
Wu Jian
Xom
Yredelemnul
Zin
The Shining One

Shops:
D:2 !(*?   D:3 *   D:4 [   D:5 ?   D:7 :[*?

Annotations:
D:3 1 runed translucent door, Konar's ghost, weakling CoHu
D:5 1 runed translucent door, Sphara's ghost, novice HuHu
Temple 2 transporters


Innate Abilities, Weirdness & Mutations

You are immune to sickness and miasma.
Your stone body is resilient. (AC +8)
You are immune to poison.
You resist negative energy. (rN+)
You are resistant to electric shocks. (rElec)
You are resistant to unholy torment.
You are immune to petrification.


Message History

The fungus is lightly damaged.
The flame wave engulfs the death yak!!
The death yak is moderately wounded.
You finish channelling waves of flame.
The death yak closely misses you. The death yak misses you.
The death yak gores you but does no damage.
A nearby fungus withers and dies.
The death yak completely misses you. The death yak gores you!
The death yak gores you.
You fly upwards.
There is a stone staircase leading down here.
Unknown command.
Casting: Flame Wave (safe; 1% risk of failure)
Confirm with . or Enter, or press ? or * to list all spells.
Casting: Flame Wave (safe; 1% risk of failure)
Press: ? - help, Dir - look around, f - activate A wave of flame ripples out!
The flame wave engulfs the fungus!
The fungus begins to die.
The fungus is lightly damaged.
The flame wave engulfs the death yak!
The death yak is moderately wounded.
The flame wave engulfs the death yak!
The death yak is severely wounded.
The flame wave engulfs the death yak but does no damage.
The death yak is almost dead. (Press . to intensify the flame waves.)
You block the death yak's attack. The death yak gores you!!
The death yak barely misses you.
A wave of flame ripples out!
The flame wave engulfs the fungus!
The fungus is lightly damaged.
The flame wave engulfs the death yak.
The death yak is moderately wounded.
The flame wave engulfs the death yak!
The death yak is severely wounded.
The flame wave engulfs the death yak!
You kill the death yak!
Vehumet accepts your kill.
You feel your power returning. The death yak gores you!!
* * * LOW HITPOINT WARNING * * *
The death yak gores you.
You die...

# ### #######
###.#####.#.P.####
.................#
.#P....##...##.#Y##
##P....#.##.####@P#
#.............##Y.#
#.............#..##
#.....#.......##.##
.#....##......##..#
..#...##+####.##.##
###....#.#.###...##
###...............#
.##..............##


You could see 2 death yaks.

Vanquished Creatures
  A hydra (D:9)
  A boulder beetle (Lair:2)
  2 two-headed ogres
  7 death yaks
  3 elephants (Lair:2)
  Joseph (D:8)
  10 cane toads
  A komodo dragon (Lair:2)
  2 rime drakes
  A polar bear (Lair:2)
  2 dream sheep (D:9)
  4 blink frogs (Lair:1)
  Prince Ribbit (D:5)
  3 wyverns
  4 yaks (Lair:2)
  A basilisk (Lair:2)
  A steam dragon (D:9)
  4 vampire mosquitoes (D:8)
  Edmund (D:5)
  7 water moccasins
  6 orc warriors
  A sky beast (D:6)
  3 black bears
  4 ice beasts
  3 ogres
  A phantom (D:5)
  2 centaurs
  12 kobold brigands
  A weeping skull (Ossuary)
  6 bullfrogs
  2 gnoll sergeants
  A scorpion (D:6)
  10 wights
  A burial acolyte (Ossuary)
  10 killer bees
  2 howler monkeys
  2 human zombies (Ossuary)
  A jelly (D:5)
  3 hounds
  2 orc priests
  3 orc wizards
  A sleepcap (D:7)
  Terence (D:2)
  3 iguanas
  A hound zombie (Ossuary)
  2 mummies (Ossuary)
  A howler monkey zombie (Ossuary)
  Robin (D:2)
  23 gnolls
  7 adders
  13 white imps
  2 ufetubi (D:6)
  7 dart slugs
  A ribbon worm (D:3)
  16 orcs
  6 endoplasms
  2 giant cockroaches
  A gnoll zombie (Ossuary)
  23 goblins
  7 hobgoblins
  2 jackals (D:4)
  27 kobolds
  4 quokkas
  8 ball pythons
  3 bats
  3 frilled lizards
  4 rats
302 creatures vanquished.

Vanquished Creatures (collateral kills)
  2 foxfires (Lair:2)
2 creatures vanquished.

Vanquished Creatures (others)
  910 foxfires
910 creatures vanquished.

Grand Total: 1214 creatures vanquished

Notes
Turn   | Place    | Note
-------+----------+-------------------------------------------
     0 | D:1      | funkygono the Gargoyle Fire Elementalist began the quest
                  | for the Orb.
     0 | D:1      | Reached XP level 1. HP: 10/10 MP: 3/3
   157 | D:1      | Reached XP level 2. HP: 14/15 MP: 0/5
   160 | D:1      | Learned a level 2 spell: Scorch
   695 | D:1      | Reached XP level 3. HP: 18/19 MP: 2/6
  1463 | D:2      | Found Luiseug's Magic Scroll Shoppe.
  1488 | D:2      | Bought a scroll of identify for 28 gold pieces
  1524 | D:2      | Noticed Terence
  1716 | D:2      | Killed Terence
  1717 | D:2      | Reached XP level 4. HP: 15/24 MP: 1/8
  1724 | D:2      | Learned a level 4 spell: Flame Wave
  1926 | D:2      | Found Viwkioh's Assorted Antiques.
  2016 | D:2      | Found Edatt's Antique Weapon Boutique.
  2043 | D:2      | Found Arasoh's Distillery.
  2281 | D:2      | Noticed Robin
  2290 | D:2      | Killed Robin
  2291 | D:2      | Reached XP level 5. HP: 28/28 MP: 3/9
  2731 | D:3      | Noticed a black bear
  2739 | D:3      | Killed a black bear
  2740 | D:3      | Reached XP level 6. HP: 32/32 MP: 1/11
  2833 | D:3      | Found a shadowy altar of Dithmenos.
  3308 | D:3      | Found Eggus's General Store.
  3315 | D:3      | Bought a +0 pair of boots for 63 gold pieces
  3338 | D:3      | Found a radiant altar of Vehumet.
  3350 | D:3      | Became a worshipper of Vehumet
  3449 | D:3      | Found a runed translucent door.
  3449 | D:3      | Noticed Konar's ghost (weakling CoHu)
  3498 | D:3      | Found a burning altar of Makhleb.
  3791 | D:4      | Reached skill level 5 in Fire Magic
  3951 | D:4      | Reached XP level 7. HP: 36/36 MP: 1/13
  4486 | D:4      | Found Wafy's Armour Boutique.
  4489 | D:4      | Bought a +0 pair of gloves for 63 gold pieces
  4707 | D:5      | Entered Level 5 of the Dungeon
  4758 | D:5      | Found a runed translucent door.
  4758 | D:5      | Noticed Sphara's ghost (novice HuHu)
  4789 | D:5      | Noticed a two-headed ogre
  4807 | D:5      | Killed a two-headed ogre
  4808 | D:5      | Reached skill level 5 in Spellcasting
  4808 | D:5      | Reached XP level 8. HP: 41/41 MP: 5/16
  4818 | D:5      | Found Uzitesch's Magic Scroll Shop.
  4887 | D:5      | Found a white marble altar of Elyvilon.
  4909 | D:5      | Found a sand-covered staircase.
  4914 | Ossuary  | Entered an ossuary
  4914 | Ossuary  | Found a huge runed translucent gate.
  4914 | Ossuary  | Found a huge runed translucent gate.
  4914 | Ossuary  | Found a huge runed translucent gate.
  4914 | Ossuary  | Found a huge runed translucent gate.
  4914 | Ossuary  | Found a huge runed translucent gate.
  4914 | Ossuary  | Found a huge runed translucent gate.
  4914 | Ossuary  | Found a huge runed translucent gate.
  4914 | Ossuary  | Found a huge runed translucent gate.
  4914 | Ossuary  | Found a huge runed translucent gate.
  4936 | Ossuary  | Found a huge runed translucent gate.
  4936 | Ossuary  | Found a huge runed translucent gate.
  4937 | Ossuary  | Found a huge runed translucent gate.
  4937 | Ossuary  | Found a huge runed translucent gate.
  4939 | Ossuary  | Found a huge runed translucent gate.
  4939 | Ossuary  | Found a huge runed translucent gate.
  5040 | Ossuary  | Found a huge runed translucent gate.
  5040 | Ossuary  | Found a huge runed translucent gate.
  5040 | Ossuary  | Found a huge runed translucent gate.
  5040 | Ossuary  | Found a huge runed translucent gate.
  5040 | Ossuary  | Found a huge runed translucent gate.
  5041 | Ossuary  | Found a huge runed translucent gate.
  5041 | Ossuary  | Found a huge runed translucent gate.
  5043 | Ossuary  | Found a huge runed translucent gate.
  5043 | Ossuary  | Found a huge runed translucent gate.
  5044 | Ossuary  | Found a huge runed translucent gate.
  5044 | Ossuary  | Found a huge runed translucent gate.
  5045 | Ossuary  | Found a huge runed translucent gate.
  5045 | Ossuary  | Found a huge runed translucent gate.
  5050 | Ossuary  | Found a huge runed translucent gate.
  5050 | Ossuary  | Found a huge runed translucent gate.
  5152 | Ossuary  | Found a huge runed translucent gate.
  5152 | Ossuary  | Found a huge runed translucent gate.
  5152 | Ossuary  | Found a huge runed translucent gate.
  5152 | Ossuary  | Found a huge runed translucent gate.
  5152 | Ossuary  | Found a huge runed translucent gate.
  5512 | D:5      | Found an opulent altar of Gozag.
  5637 | D:5      | Noticed Prince Ribbit
  5645 | D:5      | Killed Prince Ribbit
  5646 | D:5      | Reached XP level 9. HP: 44/45 MP: 7/19
  5729 | D:5      | Reached * piety under Vehumet
  5729 | D:5      | Offered knowledge of Sting by Vehumet.
  5801 | D:5      | Noticed Edmund
  5819 | D:5      | Killed Edmund
  6395 | D:5      | Learned a level 1 spell: Sting
  6455 | D:6      | Reached skill level 5 in Conjurations
  6503 | D:6      | Found a blossoming altar of Fedhas.
  7012 | D:6      | Found an iron altar of Okawaru.
  7593 | D:6      | Identified a scroll of acquirement
  7593 | D:6      | Acquired a ring of magical power
  7653 | D:7      | Found Imunum's Book Shoppe.
  7714 | D:7      | Reached XP level 10. HP: 46/51 MP: 22/22
  7724 | D:7      | Reached skill level 1 in Maces & Flails
  7814 | D:7      | Found Esoate's Antique Armour Boutique.
  7866 | D:7      | Found Ferphur's Magic Scroll Shop.
  7985 | D:7      | Reached ** piety under Vehumet
  7985 | D:7      | Offered knowledge of Searing Ray by Vehumet.
  8171 | D:7      | Found Laonn's Elemental Accessories.
  8211 | D:7      | Found a staircase to the Ecumenical Temple.
  8220 | Temple   | Found a transporter.
  8220 | Temple   | Found a transporter.
  8220 | Temple   | Found a transporter.
  8220 | Temple   | Found a transporter.
  8220 | Temple   | Entered the Ecumenical Temple
  8446 | D:7      | Found a hazy altar of Hepliaklqana.
  8449 | D:7      | Found a shimmering altar of Xom.
  8456 | D:7      | Found a snail-covered altar of Cheibriados.
  8456 | D:7      | Found a sacrificial altar of Ru.
  8463 | D:7      | Found an ancient bone altar of Kikubaaqudgha.
  8841 | D:8      | Reached skill level 1 in Fighting
  8842 | D:8      | Noticed Joseph
  8969 | D:8      | Killed Joseph
  9021 | D:8      | Learned a level 2 spell: Searing Ray
  9176 | D:8      | Found a flagged portal.
  9186 | Bailey   | Entered a bailey
  9199 | Bailey   | Offered knowledge of Mephitic Cloud by Vehumet.
  9430 | Bailey   | Reached *** piety under Vehumet
  9432 | Bailey   | Reached skill level 1 in Armour
  9443 | Bailey   | Reached skill level 10 in Fire Magic
  9523 | Bailey   | Found a burning altar of Makhleb.
  9963 | D:9      | Found a staircase to the Orcish Mines.
 10009 | D:9      | Offered knowledge of Dazzling Flash by Vehumet.
 10011 | D:9      | Reached XP level 11. HP: 41/56 MP: 24/24
 10084 | D:9      | Identified the +0 pair of boots of the Filigreed God {Fly
                  | Regen+ Str+4}
 10316 | D:9      | Noticed a two-headed ogre
 10327 | D:9      | Killed a two-headed ogre
 10423 | D:9      | Reached skill level 10 in Spellcasting
 10580 | D:9      | Noticed a three-headed hydra
 10587 | D:9      | Killed a three-headed hydra
 10643 | D:9      | Found a staircase to the Lair.
 10901 | Lair:1   | Entered Level 1 of the Lair of Beasts
 11229 | Lair:1   | Reached **** piety under Vehumet
 12338 | Lair:2   | Noticed a death yak
 12338 | Lair:2   | Noticed a death yak
 12338 | Lair:2   | Noticed a death yak
 12338 | Lair:2   | Noticed a death yak
 12338 | Lair:2   | Noticed a death yak
 12352 | Lair:1   | Killed a death yak
 12484 | Lair:2   | Reached XP level 12. HP: 62/62 MP: 27/27
 12488 | Lair:2   | Noticed a boulder beetle
 12508 | Lair:2   | Killed a boulder beetle
 12566 | Lair:2   | Offered knowledge of Iskenderun's Mystic Blast by Vehumet.
 12567 | Lair:2   | Reached skill level 1 in Shields
 12992 | Lair:2   | Noticed a death yak
 13014 | Lair:1   | Killed a death yak
 13146 | D:7      | Bought the Grimoire of the Volcano for 810 gold pieces
 13151 | D:7      | Learned a level 4 spell: Ignite Poison
 13506 | Lair:2   | Reached skill level 1 in Alchemy
 13602 | Lair:2   | Found a staircase to the Shoals.
 13935 | Lair:2   | Killed a death yak
 13940 | Lair:2   | Killed a death yak
 13940 | Lair:2   | Reached ***** piety under Vehumet
 13947 | Lair:2   | Killed a death yak
 13949 | Lair:2   | Killed a death yak
 14062 | Lair:2   | Offered knowledge of Eringya's Noxious Bog by Vehumet.
 14113 | Lair:2   | Found a hole to the Spider Nest.
 14174 | Lair:3   | Found an ancient bone altar of Kikubaaqudgha.
 14334 | Lair:3   | Noticed a death yak
 14335 | Lair:3   | Noticed a death yak
 14336 | Lair:3   | Noticed a death yak
 14355 | Lair:3   | Noticed a death yak
 14362 | Lair:2   | Killed a death yak
 14362 | Lair:2   | HP: 2/62 [death yak (18)]
 14362 | Lair:2   | Slain by a death yak

Illustrated notes

Levels and vault maps discovered:
D:1:      minmay_arrival_doors, layout_loops_ring,
          nicolae_concentric_dashed_squares_mild, minmay_tiny_reverse_x
D:2:      layout_rooms, serial_shops, shop, nicolae_shop_waterfront,
          nicolae_shop_waterfront, nicolae_diamond_shop, uniq_terence,
          uniq_robin
D:3:      layout_basic, vehumet_crystals, grunt_dithmenos_smoke_and_mirrors,
          lightli_temple_of_fire, serial_shops, nicolae_shop_tiny_statue_garden,
          gammafunk_ghost_grave
D:4:      layout_loops_cross, serial_shops, nicolae_shop_tiny_real_fake_doors,
          hangedman_abyss_or_decor_stagger
D:5:      layout_gridville, kennysheep_little_box, elyvilon_altar_5,
          gammafunk_ghost_grave, serial_shops, nicolae_shop_window_shopping,
          nicolae_ossuary_entry_plus, hangedman_decor_growths,
          corexii_item_surrounded_by_moat, uniq_edmund, uniq_prince_ribbit1
D:6:      layout_basic, mainiacjoe_overflow_24_doors, okawaru_altar_gauntlet_db
D:7:      layout_basic, nicolae_overflow_hallway_of_the_gods,
          minmay_temple_entry_mist, serial_shops,
          nicolae_shop_overgrown_old_shop, shop, shop, nicolae_elemental_shop,
          dk_noncrumbling_4
D:8:      layout_cave_pools, lightli_bailey_entry_fortress, uniq_joseph
D:9:      layout_loops_ring, lair_entry_dummy, orc_0_dummy, hangedman_ranch
Temple:   hellmonk_temple_divided_pantheon
Lair:1:   layout_layer_cave, chequers_serial_rivers_room_b, minivault_19
Lair:2:   layout_regular_city, shoals_dummy_entry, dummy_spider_entry,
          portal_ice_cave_entry_imps, infiniplex_staircase_pool_2
Lair:3:   layout_cave_pods, basic_altar, nicolae_lair_lil_pond

Skill      XL: |  1  2  3  4  5  6  7  8  9 10 11 12 |
---------------+-------------------------------------+-----
Stealth        | 3 |  3.5
Fire Magic     | 4 5 6 7 8 10 11 12 | 12.8
Spellcasting   | 3 4 5 7 8 9 11 12 | 12.3
Conjurations   | 2 4 5 6 7 8 |  8.1
Dodging        | 2 3 |  3.9
Maces & Flails | 1 2 |  2.0
Fighting       | 1 2 |  2.0
Armour         | 1 2 3 |  3.3
Shields        | 1 |  1.6
Alchemy        | 1 |  1.7
Unarmed Combat | |  0.1

Action                     |  1- 3 |  4- 6 |  7- 9 | 10-12 || total
---------------------------+-------+-------+-------+-------++-------
  Melee: Unarmed           |    11 |       |       |       ||    11
         Club              |     5 |       |       |       ||     5
         Punch             |     1 |       |       |       ||     1
         Staff             |       |     1 |       |       ||     1
         Flail             |       |       |    19 |    52 ||    71
   Cast: Foxfire           |    53 |    91 |   142 |   240 ||   526
         Scorch            |    12 |    19 |    44 |   128 ||   203
         Flame Wave        |       |       |     2 |    24 ||    26
         Sting             |       |       |       |    39 ||    39
         Ignite Poison     |       |       |       |     9 ||     9
    Use: Scroll            |     2 |     5 |     6 |    10 ||    23
         Potion            |       |       |     1 |       ||     1
 Armour: Robe              |    26 |     6 |    60 |    32 ||   124
         Leather armour    |       |       |       |   121 ||   121
  Dodge: Dodged            |    29 |    18 |    69 |   271 ||   387
  Block: Other             |       |       |       |    27 ||    27

Table legend: (Time is in decaauts)
 A = Elapsed time spent in this place.
 B = Non-inter-level travel time spent in this place.
 C = Inter-level travel time spent in this place.
 D = Time resting spent in this place.
 E = Time spent auto-exploring this place.
 F = Levels seen in this place.
 G = Mean time per level.
                   A        B        C        D        E       F      G
               +--------+--------+--------+--------+--------+-----+--------+
         Total |  14459 |  13863 |    596 |    350 |  10670 |  15 |  963.9 |
       Dungeon |  10319 |   9778 |    541 |    135 |   7766 |   9 | 1146.6 |
        Temple |     24 |     14 |     10 |      0 |      0 |   1 |   24.0 |
          Lair |   3278 |   3233 |     45 |    100 |   2506 |   3 | 1092.7 |
       Ossuary |    449 |    449 |      0 |      0 |    368 |   1 |  449.0 |
        Bailey |    387 |    387 |      0 |    115 |     30 |   1 |  387.0 |
               +--------+--------+--------+--------+--------+-----+--------+

Top non-repeatable levels by time:
     D:1: 1619 daAuts
  Lair:1: 1579 daAuts
  Lair:2: 1511 daAuts
     D:6: 1339 daAuts
     D:5: 1289 daAuts
     D:3: 1105 daAuts
     D:4: 1036 daAuts
     D:2: 1017 daAuts
     D:9: 1012 daAuts
     D:8: 988 daAuts
     D:7: 912 daAuts
 Ossuary: 449 daAuts
  Bailey: 387 daAuts
  Lair:3: 186 daAuts
  Temple: 24 daAuts
